Map: Duma Altarisa ER

Players

SI 1 (Bardzo łatwa)

  • Race: Terran Terran

CoViC

  • Race: Protoss Protoss

VOD

Have the link to the VOD?

Description

Time

  • Played on: Dec. 1, 2021, 4:31 a.m.
  • Length: 26:20
Show
View Real Time Build Order
Export as new Build Order

SI 1 (Bardzo łatwa) Terran 

Build Orders:  

Get SALT Encoding   

  12  0:00  SCV  
  13  0:13  SCV  
  14  0:18  Supply Depot  
  14  0:42  SCV x12  
  14  0:43  Barracks  
  14  0:54  Unknown, SCV  
  13  1:07  SCV  
  14  1:41  Command Center  
  14  1:45  Supply Depot  
  14  2:13  Barracks  
  14  2:22  Supply Depot  
  14  2:25  Orbital Command  
  14  2:29  Refinery  
  14  2:33  SCV  
  15  2:38  SCV x24  
  15  2:43  Refinery  
  15  2:50  Unknown  
  12  2:53  SCV  
  14  3:05  SCV  
  14  3:10  Supply Depot  
  14  3:17  SCV  
  15  3:31  SCV  
  16  3:35  Barracks  
  16  3:49  Refinery  
  16  3:57  Refinery  
  16  4:09  Supply Depot  
  16  4:11  SCV  
  17  4:22  Marine  
  17  4:23  SCV  
  19  4:36  SCV  
  20  4:47  Supply Depot  
  20  4:50  SCV  
  21  5:02  SCV  
  21  5:05  Reaper  
  23  5:14  SCV  
  24  5:26  SCV  
  24  5:28  Factory  
  25  5:48  Marine, SCV  
  27  5:56  Supply Depot  
  27  6:00  SCV  
  28  6:12  SCV  
  28  6:17  Starport  
  29  6:24  SCV  
  30  6:31  Reaper  
  31  6:37  Orbital Command  
  31  6:54  Starport Tech Lab  
  31  7:03  Barracks Tech Lab  
  31  7:14  Raven  
  33  7:22  Marine  
  34  7:57  Raven  
  36  8:04  Marine  
  37  8:48  Marauder  
  39  9:30  Marine  
  40  10:59  Factory Tech Lab, Medivac  
  40  11:01  Supply Depot  
  42  11:20  Siege Tank  
  42  11:25  Supply Depot  
  45  11:29  Medivac  
  47  11:52  Siege Tank  
  50  11:58  Raven  
  52  12:28  Marine  
  44  12:51  Marine  
  45  13:15  Marine  
  46  13:31  SCV x12  
  36  13:37  Supply Depot  
  15  13:43  Unknown  
  15  13:45  SCV  
  13  13:57  SCV  
  13  13:58  SCV x12  
  13  14:01  Refinery  
  15  14:10  Unknown  
  15  14:11  SCV  
  13  14:23  SCV  
  14  14:29  Supply Depot  
  14  14:35  SCV  
  15  14:40  SCV x12  
  15  14:52  Unknown, SCV  
  13  15:04  SCV  
  14  15:24  Supply Depot  
  14  15:46  Command Center  
  14  15:47  SCV x12  
  14  15:59  Unknown  
  14  16:03  SCV  
  13  16:15  SCV  
  14  16:30  Supply Depot  
  14  16:56  Command Center  
  14  17:09  Barracks  
  14  17:18  Refinery  
  14  17:31  Refinery  
  14  17:46  SCV  
  14  17:48  Supply Depot  
  15  17:57  Marine  
  16  18:13  SCV  
  16  18:16  Barracks Tech Lab  
  17  18:20  SCV  
  18  18:27  SCV  
  19  18:34  SCV  
  19  18:35  Marauder  
  22  18:42  SCV  
  23  18:49  Factory  
  23  19:34  Starport  
  23  19:35  Orbital Command  
  23  19:39  Marine  
  24  19:57  Marine  
  25  20:12  Starport Tech Lab  
  25  20:26  Factory Tech Lab  
  25  20:30  Raven, Marine  
  28  20:48  Marine  
  29  20:58  Siege Tank  
  32  21:08  SCV  
  33  21:11  Marine  
  33  21:13  Medivac  
  33  21:16  Supply Depot  
  36  21:37  SCV  
  37  21:43  Medivac  
  37  21:45  SCV  
  40  21:52  SCV  
  41  21:59  SCV  
  42  22:06  SCV  
  43  22:09  Siege Tank  
  43  22:11  Supply Depot  
  43  22:13  Raven  
  48  22:41  Siege Tank  
  51  22:56  Raven  
  53  23:19  Hellion  
  54  23:21  Supply Depot  
  56  23:34  Marauder  
  56  23:49  Hellion  
  56  24:10  Marauder  
  56  24:12  Raven  
  41  24:25  Siege Tank  
  44  24:39  Marine  
  44  24:55  Raven  
  44  24:57  Siege Tank  
  49  25:09  Marine  
  50  25:27  Marine  
  51  25:45  Marine  
  41  26:03  SCV  
Show
View Real Time Build Order
Export as new Build Order

CoViC Protoss 

Build Orders:  

Get SALT Encoding   

  12  0:42  Probe x12  
  12  0:54  Unknown  
  12  0:55  Probe  
  13  1:08  Probe  
  14  1:12  Pylon  
  14  1:20  Probe  
  15  1:32  Gateway  
  15  1:35  Probe (Chrono Boost)  
  16  1:44  Probe (Chrono Boost)  
  17  1:49  Probe (Chrono Boost)  
  17  1:50  Assimilator  
  18  2:01  Probe  
  19  2:13  Probe  
  20  2:20  Cybernetics Core  
  20  2:27  Probe  
  21  2:38  Probe x24  
  22  2:50  Unknown x2  
  12  2:54  Probe (Chrono Boost)  
  14  3:05  Probe (Chrono Boost)  
  14  3:07  Pylon  
  14  3:10  Probe (Chrono Boost)  
  15  3:25  Probe  
  16  3:27  Gateway  
  16  3:37  Probe  
  17  3:57  Nexus  
  17  4:01  Probe (Chrono Boost)  
  18  4:08  Assimilator  
  18  4:12  Probe (Chrono Boost)  
  19  4:17  Probe (Chrono Boost)  
  19  4:21  Assimilator  
  20  4:27  Probe  
  20  4:30  Cybernetics Core  
  21  4:39  Probe  
  22  4:51  Probe  
  23  5:09  Warp Gate  
  23  5:10  Probe (Chrono Boost)  
  23  5:12  Pylon  
  24  5:17  Probe (Chrono Boost)  
  24  5:19  Probe (Chrono Boost)  
  26  5:24  Probe (Chrono Boost)  
  26  5:27  Probe (Chrono Boost)  
  28  5:29  Probe (Chrono Boost)  
  29  5:37  Probe  
  29  5:41  Probe  
  31  5:45  Nexus  
  31  5:49  Probe  
  32  5:53  Probe  
  32  5:55  Pylon  
  33  6:01  Probe (Chrono Boost)  
  34  6:05  Probe (Chrono Boost)  
  35  6:13  Probe (Chrono Boost)  
  35  6:17  Probe (Chrono Boost)  
  37  6:20  Gateway x2  
  37  6:22  Probe (Chrono Boost)  
  37  6:23  Probe (Chrono Boost)  
  39  6:26  Gateway  
  39  6:27  Probe  
  39  6:31  Probe  
  41  6:38  Assimilator  
  41  6:39  Probe  
  42  6:42  Pylon  
  42  6:43  Probe  
  42  6:45  Pylon  
  43  6:51  Probe  
  43  6:53  Gateway x2  
  44  6:55  Probe  
  44  7:00  Probe  
  46  7:05  Probe (Chrono Boost)  
  46  7:08  Probe (Chrono Boost)  
  49  7:17  Probe (Chrono Boost)  
  49  7:19  Probe (Chrono Boost)  
  49  7:21  Probe (Chrono Boost)  
  51  7:22  Gateway  
  51  7:24  Probe (Chrono Boost), Gateway  
  51  7:26  Gateway  
  51  7:27  Pylon  
  51  7:29  Pylon  
  52  7:34  Probe (Chrono Boost)  
  52  7:35  Assimilator  
  54  7:46  Probe x2 (Chrono Boost)  
  54  7:50  Probe (Chrono Boost)  
  56  7:51  Probe (Chrono Boost)  
  57  7:59  Probe  
  57  8:02  Gateway x2  
  57  8:04  Gateway, Pylon  
  58  8:05  Pylon  
  58  8:07  Gateway  
  58  8:09  Pylon  
  58  8:12  Probe  
  59  8:20  Pylon  
  59  8:22  Adept x3, Pylon  
  59  8:23  Adept x5  
  59  8:25  Pylon  
  75  8:29  Stalker  
  77  8:37  Gateway  
  77  8:40  Gateway  
  77  8:45  Gateway  
  77  8:47  Pylon  
  77  8:49  Pylon  
  77  8:51  Pylon  
  77  8:54  Pylon  
  77  8:55  Stalker  
  79  8:56  Pylon, Stalker  
  79  8:58  Pylon  
  81  9:02  Stalker  
  81  9:03  Stalker  
  81  9:04  Zealot  
  81  9:06  Sentry  
  89  9:11  Stalker x2  
  93  9:29  Stalker x5  
  93  9:30  Stalker  
  105  9:34  Stalker x2  
  109  9:39  Adept x2  
  109  9:40  Adept  
  115  9:53  Adept x4  
  115  9:54  Adept x2  
  127  10:05  Zealot x2  
  127  10:06  Pylon, Zealot x2  
  135  10:12  Zealot x3  
  141  10:18  Stalker x2  
  141  10:20  Adept  
  147  10:26  Stalker x2  
  151  10:30  Zealot x2  
  155  10:39  Assimilator  
  155  10:43  Assimilator, Zealot x4  
  155  10:49  Stalker x2  
  167  10:57  Stalker x3  
  169  11:01  Adept x2  
  177  11:05  Stalker  
  179  11:12  Stalker x2  
  179  11:16  Stalker x2  
  187  11:20  Stalker  
  187  11:24  Adept x2  
  193  11:28  Adept  
  193  11:30  Adept  
  193  11:32  Adept  
  199  12:03  Warp Gate  
  193  13:31  Probe x12  
  189  13:43  Unknown x3  
  189  13:44  Probe (Chrono Boost)  
  13  13:55  Probe (Chrono Boost)  
  14  13:59  Probe x12 (Chrono Boost)  
  14  14:01  Pylon  
  15  14:10  Unknown  
  15  14:11  Probe  
  13  14:23  Probe (Chrono Boost)  
  14  14:28  Pylon  
  14  14:35  Probe (Chrono Boost)  
  15  14:42  Probe x12 (Chrono Boost)  
  15  14:52  Probe, Unknown  
  13  15:04  Probe  
  14  15:10  Pylon  
  14  15:17  Probe  
  15  15:29  Probe (Chrono Boost)  
  16  15:38  Probe (Chrono Boost)  
  17  15:47  Probe x12  
  17  15:51  Nexus  
  17  15:59  Unknown  
  17  16:00  Probe  
  13  16:12  Probe  
  14  16:19  Pylon  
  14  16:24  Probe  
  15  16:37  Probe  
  16  16:40  Gateway  
  16  16:49  Probe  
  17  17:08  Nexus  
  17  17:12  Probe (Chrono Boost)  
  18  17:20  Assimilator  
  19  17:23  Probe (Chrono Boost)  
  19  17:28  Probe (Chrono Boost)  
  20  17:33  Cybernetics Core  
  20  17:38  Probe  
  20  17:42  Pylon  
  21  17:50  Probe  
  22  17:51  Assimilator  
  22  18:02  Probe (Chrono Boost)  
  23  18:10  Warp Gate  
  24  18:13  Probe (Chrono Boost)  
  25  18:20  Probe (Chrono Boost)  
  25  18:21  Probe (Chrono Boost)  
  26  18:30  Probe (Chrono Boost)  
  26  18:31  Probe (Chrono Boost)  
  28  18:37  Pylon  
  28  18:38  Probe (Chrono Boost)  
  28  18:39  Probe (Chrono Boost)  
  30  18:43  Probe (Chrono Boost)  
  30  18:47  Probe  
  32  18:51  Adept  
  32  18:55  Probe  
  35  18:59  Probe  
  36  19:07  Probe (Chrono Boost)  
  37  19:11  Probe (Chrono Boost)  
  37  19:16  Nexus  
  38  19:23  Probe (Chrono Boost)  
  40  19:25  Probe (Chrono Boost)  
  40  19:26  Assimilator  
  40  19:29  Probe (Chrono Boost)  
  42  19:32  Probe (Chrono Boost)  
  42  19:37  Probe  
  43  19:38  Assimilator  
  43  19:43  Gateway  
  44  19:45  Probe (Chrono Boost), Gateway  
  44  19:49  Probe (Chrono Boost)  
  45  19:59  Probe (Chrono Boost)  
  47  20:00  Probe (Chrono Boost)  
  47  20:03  Gateway  
  47  20:04  Probe (Chrono Boost), Pylon  
  47  20:05  Gateway  
  48  20:07  Probe  
  49  20:15  Pylon  
  49  20:16  Probe  
  49  20:20  Probe (Chrono Boost), Pylon  
  51  20:27  Probe (Chrono Boost)  
  53  20:28  Probe (Chrono Boost)  
  53  20:32  Probe (Chrono Boost)  
  54  20:38  Probe x2 (Chrono Boost)  
  54  20:39  Probe (Chrono Boost), Gateway  
  54  20:41  Gateway  
  57  20:42  Probe (Chrono Boost)  
  57  20:43  Probe (Chrono Boost)  
  57  20:44  Gateway  
  57  20:47  Gateway  
  59  20:56  Gateway  
  59  20:58  Gateway  
  59  20:59  Probe, Pylon  
  59  21:00  Probe x2  
  62  21:13  Stalker x2  
  62  21:14  Stalker x3  
  72  21:20  Pylon  
  72  21:24  Pylon  
  72  21:27  Pylon  
  72  21:30  Pylon  
  72  21:33  Pylon  
  72  21:40  Adept x3  
  72  21:41  Adept x3  
  72  21:44  Stalker  
  86  21:53  Pylon  
  86  21:54  Pylon  
  86  22:07  Stalker x4  
  86  22:08  Pylon, Stalker  
  96  22:09  Stalker x2  
  96  22:12  Sentry  
  96  22:13  Sentry  
  96  22:15  Sentry  
  106  22:16  Sentry  
  106  22:21  Pylon  
  108  22:23  Pylon  
  108  22:25  Pylon  
  108  22:32  Adept x5  
  108  22:36  Stalker  
  120  22:38  Stalker  
  122  22:49  Pylon  
  122  22:50  Adept x3  
  128  22:51  Adept  
  128  22:52  Pylon  
  130  23:02  Adept x2  
  130  23:03  Adept x3  
  140  23:12  Zealot x4  
  148  23:22  Adept x2  
  148  23:25  Assimilator  
  152  23:30  Stalker x4  
  160  23:34  Adept  
  160  23:35  Adept  
  160  23:40  Adept  
  160  23:41  Adept x2  
  168  23:44  Stalker  
  168  23:48  Adept  
  174  23:54  Adept  
  174  23:55  Adept x2  
  180  23:58  Adept x2  
  180  24:16  Stalker x2  
  180  24:17  Stalker x4  
  174  24:18  Stalker  
  174  24:23  Adept x2  
  186  24:26  Adept  
  186  24:28  Adept  
  190  24:41  Adept x3  
  190  24:42  Adept  
Tags
 
Add a new tag
Caveats
  • Supply blocks, unpowered buildings, or Contaminate may cause inaccurate times.
  • Supply counts are checked every 10 seconds.